 Dungeon Crawl Stone Soup version 0.28-a0-1190-g77e1c55843 (webtiles) character file.

Game seed: 10382014622774021364

23 Fortus the Ruffian (level 2, 0/27 HPs)
             Began as a Troll Warper on Dec 18, 2021.
             Slain by an adder (3 damage)
             ... on level 2 of the Dungeon.
             The game lasted 00:00:35 (690 turns).

Fortus the Ruffian (Troll Warper)                    Turns: 690, Time: 00:00:35

Health: 0/27       AC:  4    Str: 18    XL:     2   Next: 75%
Magic:  3/3        EV:  9    Int:  9    God:
Gold:   30         SH:  0    Dex:  9    Spells: 3/3 levels left

rFire   . . .      SeeInvis .     - Unarmed
rCold   . . .      Faith    .   (no shield)
rNeg    . . .      Spirit   .   a - +0 robe
rPois   .          Reflect  .   (helmet restricted)
rElec   .          Harm     .   (no cloak)
rCorr   .          Rampage  .   (gloves unavailable)
Will    .....                   (boots unavailable)
Stlth   +.........              (no amulet)
HPRegen 0.89/turn               (no ring)
MPRegen 0.08/turn               (no ring)

@: lethally poisoned (0 -> 0)
A: large, unfitting armour, claws 3, regeneration 1, shaggy fur 1, tough skin 1
a: no special abilities


You were on level 2 of the Dungeon.
You visited 1 branch of the dungeon, and saw 2 of its levels.

You collected 30 gold pieces.

Inventory:

Missiles
 c - 5 boomerangs of dispersal (quivered)
Armour
 a - a +0 robe (worn)
Scrolls
 b - a scroll of blinking
 f - 3 scrolls of fear {unknown}
 h - a scroll of teleportation {unknown}
Potions
 d - a potion of mutation {unknown}
 e - a potion of invisibility {unknown}
 g - a potion of brilliance {unknown}


   Skills:
 - Level 1.5 Fighting
 - Level 0.8 Throwing
 - Level 1.9 Dodging
 * Level 2.7 Unarmed Combat
 + Level 1.4 Spellcasting
 + Level 2.4 Translocations


You had 3 spell levels left.
You didn't know any spells.
Your spell library contained the following spells:

 Spells                   Type           Power      Damage    Failure   Level
 Blink                    Tloc           10%        N/A       21%         2
 Gell's Gravitas          Tloc           5%         N/A       36%         3
 Lesser Beckoning         Tloc           5%         N/A       36%         3
 Teleport Other           Tloc           5%         N/A       36%         3
 Manifold Assault         Tloc           5%         N/A       98%         5


Dungeon Overview and Level Annotations

Branches:
Dungeon (2/15)

Altars:


Innate Abilities, Weirdness & Mutations

You are too large for most types of armour.
You have claws for hands.
Your natural rate of healing is unusually fast.
You are covered in fur. (AC +1)
You have tough skin. (AC +1)


Message History

The adder closely misses you.
The ball python bites you but does no damage.
You scratch the adder but do no damage.
The adder is heavily wounded.
You feel sick. The adder bites you but does no damage. The adder bites you.
The ball python closely misses you.
You miss the adder.
The adder is heavily wounded.
You feel sick. The adder bites you.
The ball python bites you but does no damage.
You miss the adder.
The adder is heavily wounded.
The adder bites you.
You are more poisoned.
The adder poisons you! The ball python barely misses you.
You barely miss the adder.
The adder is heavily wounded.
You feel sick. The adder closely misses you. The ball python bites you.
You are too injured to fight recklessly!
You are too injured to fight recklessly!
You are too injured to fight recklessly!
There are monsters nearby!
You feel sick. The adder bites you.
You are more poisoned.
The adder poisons you!
You feel sick.
You feel very sick.
You feel sick.
You completely miss the adder.
The adder is heavily wounded.
You feel sick.
You feel sick. The adder bites you.
* * * LOW HITPOINT WARNING * * *
The ball python barely misses you. The adder barely misses you.
The ball python bites you.
* * * LOW HITPOINT WARNING * * *
You scratch the ball python.
The ball python is moderately wounded.
You feel sick. The adder bites you.
You die...

..............)...
.....###.#..###.. #.
.....# #.#..## ...
.....# #.#...##
###... .....#
#......## #.....
#.####
####.#..#####.....
#.#...#.....####
###.#..S#......<.#.
........@S.........
.......##..........
....................
........##..........
........##..........
........##.......$..
....... ...........
.........#.#.....#.


You could see an adder and a ball python.

Vanquished Creatures
  A gnoll (D:1)
  A dart slug (D:1)
  3 ball pythons (D:1)
  2 endoplasms (D:1)
  2 goblins (D:1)
  2 bats (D:1)
  A rat (D:1)
12 creatures vanquished.

Notes
Turn   | Place    | Note
-------+----------+-------------------------------------------
     0 | D:1      | Fortus the Troll Warper began the quest for the Orb.
     0 | D:1      | Reached XP level 1. HP: 19/19 MP: 1/1
   300 | D:1      | Reached XP level 2. HP: 27/27 MP: 3/3
   690 | D:2      | Slain by an adder

Illustrated notes

Levels and vault maps discovered:
D:1:      heliophobic_arrival_ceremonial_halls, layout_loops_ring,
          minmay_unequal
D:2:      layout_rooms, serial_shops, nicolae_shop_trees,
          basic_ecumenical_altar, grunt_decor_arrowhead

Action                   || total
-------------------------++-------
Melee: Unarmed           ||    34
Armor: Robe              ||     7
Dodge: Dodged            ||    17

Table legend: (Time is in decaauts)
 A = Elapsed time spent in this place.
 B = Non-inter-level travel time spent in this place.
 C = Inter-level travel time spent in this place.
 D = Time resting spent in this place.
 E = Time spent auto-exploring this place.
 F = Levels seen in this place.
 G = Mean time per level.
                   A        B        C        D        E       F      G
               +--------+--------+--------+--------+--------+-----+--------+
         Total |    688 |    660 |     28 |      0 |    572 |   2 |  344.0 |
       Dungeon |    688 |    660 |     28 |      0 |    572 |   2 |  344.0 |
               +--------+--------+--------+--------+--------+-----+--------+

Top non-repeatable levels by time:
     D:1: 643 daAuts
     D:2: 45 daAuts
